 Dungeon Crawl Stone Soup version 0.18-a0-1805-g8ab820f (webtiles) character file.

806 M4edhros the Martial Artist (level 7, -4/41 HPs)
             Began as an Octopode Necromancer on Apr 25, 2016.
             Slain by a sky beast (5 damage)
             ... on level 6 of the Dungeon.
             The game lasted 00:26:50 (2115 turns).

M4edhros the Martial Artist (Octopode Necromancer)  Turns: 2115, Time: 00:26:51

Health: -4/41      AC:  1    Str:  8      XL:     7   Next: 91%
Magic:  7/10       EV: 12    Int: 19      God:
Gold:   186        SH:  0    Dex: 13 (14) Spells: 3 memorised, 5 levels left

rFire  . . .     SeeInvis .       - Unarmed
rCold  . . .     Gourm    .     (no shield)
rNeg   . . .     Faith    .     (helmet restricted)
rPois  .         Spirit   .     (no amulet)
rElec  .         Dismiss  .     c - ring of wizardry
rCorr  .         Reflect  .     s - +2 ring of intelligence
SustAt .         Harm     .     (no ring)
MR     .....                    (no ring)
Stlth  +++.......               (no ring)
                                (no ring)
                                (no ring)
                                (no ring)

@: regenerating (expiring), not resistant to hostile enchantments, fairly
stealthy
A: almost no armour, amphibious, 8 rings, constrict 8, camouflage 1, gelatinous
body 1
a: no special abilities


You were on level 6 of the Dungeon.
You were near starving.

You visited 1 branch of the dungeon, and saw 7 of its levels.

You collected 186 gold pieces.

Inventory:

Hand Weapons
 e - a +0 hunting sling
Missiles
 k - 52 sling bullets
 l - 6 tomahawks of dispersal (quivered)
Jewellery
 c - a ring of wizardry (left tentacle)
 s - a +2 ring of intelligence (right tentacle)
Scrolls
 d - 5 scrolls of remove curse
 f - a scroll of fear {unknown}
 j - a scroll of teleportation
 n - 2 scrolls of immolation
 p - a scroll of magic mapping
Books
 a - a book of Necromancy

   Spells                             Type                      Level
   a - Pain                           Necromancy                   1
   b - Animate Skeleton               Necromancy                   1
   c - Vampiric Draining              Necromancy                   3
   d - Regeneration                   Charms/Necromancy            3
   e - Animate Dead                   Necromancy                   4
   f - Control Undead                 Necromancy                   4
Comestibles
 b - 5 bread rations
 h - 2 meat rations
 i - 2 beef jerkies


   Skills:
 - Level 2.0 Dodging
 - Level 2.6 Stealth
 + Level 8.5 Unarmed Combat
 - Level 2.0 Spellcasting
 - Level 4.0 Necromancy


You had 5 spell levels left.
You knew the following spells:

 Your Spells              Type           Power        Failure   Level  Hunger
a - Pain                  Necr           ###.         1%          1    #......
b - Animate Skeleton      Necr           N/A          1%          1    #......
r - Regeneration          Chrm/Necr      #.........   9%          3    ###....


Dungeon Overview and Level Annotations

Branches:
Dungeon (7/15)
 Temple: D:4-7

Altars:
Ashenzari
Elyvilon
Fedhas
Gozag
Vehumet
Zin

Annotations:
D:3 juanjsm's ghost, amateur SpEn


Innate Abilities, Weirdness & Mutations

You cannot wear most types of armour.
You are amphibious.
You can wear up to eight rings at the same time.
You can use your tentacles to constrict eight enemies at once.
Your skin changes colour to match your surroundings (Stealth).
Your rubbery body absorbs attacks (AC +1).


Message History

Reactivating autopickup.
The sky beast flickers out of sight!
Deactivating autopickup; reactivate with Ctrl-A.
There is a stone staircase leading up here.
A sky beast appears from thin air!
Reactivating autopickup.
Casting: Regeneration
Confirm with . or Enter, or press ? or * to list all spells.
Your skin crawls.
Your skin is crawling a little less now.
The sky beast hits you.
* * * LOW HITPOINT WARNING * * *
The sky beast shocks you.
* * * LOW HITPOINT WARNING * * *
Drink which item? (? for menu, Esc to quit)
It was a potion of cure mutation.
It has a very clean taste.
The sky beast hits you.
* * * LOW HITPOINT WARNING * * *
The sky beast shocks you.
You die...

.######.#..##
#..###
##........##
##.##
#..#....###
#..#
#.##.####
#.## ..##.#
#####.#
.##..#
#.<...#
....##
#.##### #####
##Y# _# #@.#
.## #### ..#
..## .(.#
...## #.._#
...## ...#


You could see a sky beast.

Vanquished Creatures
  A sky beast (D:6)
  A necrophage (D:6)
  A giant frog (D:6)
  A wight (D:6)
  A crimson imp (D:5)
  A centaur zombie (D:7)
  A quasit (D:5)
  4 hounds
  An orc priest (D:3)
  Ijyb (D:2)
  2 worker ants (D:6)
  Natasha (D:2)
  An iguana (D:4)
  An orc wizard (D:5)
  A hound skeleton (D:4)
  2 adders (D:2)
  A shadow imp (D:6)
  An ooze (D:1)
  An adder zombie (D:7)
  A worm (D:3)
  3 giant geckos
  10 orcs
  4 giant cockroaches
  3 goblins
  3 hobgoblins (D:2)
  3 jackals (D:3)
  2 bats (D:1)
  A giant gecko skeleton (D:6)
  5 giant newts
  4 kobolds (D:2)
  4 rats
67 creatures vanquished.

Vanquished Creatures (collateral kills)
  An orc wizard (D:3)
  An orc (D:6)
2 creatures vanquished.

Vanquished Creatures (others)
  A jackal (D:5)
1 creature vanquished.

Grand Total: 70 creatures vanquished

Notes
Turn   | Place    | Note
--------------------------------------------------------------
     0 | D:1      | M4edhros the Octopode Necromancer began the quest for the Orb.
     0 | D:1      | Reached XP level 1. HP: 11/11 MP: 3/3
     7 | D:1      | Learned a level 1 spell: Animate Skeleton
   196 | D:1      | Reached skill level 1 in Unarmed Combat
   242 | D:2      | Noticed Ijyb
   295 | D:2      | Reached XP level 2. HP: 5/17 MP: 1/5
   311 | D:2      | Reached skill level 2 in Unarmed Combat
   392 | D:2      | Reached XP level 3. HP: 8/21 MP: 4/6
   398 | D:2      | Learned a level 3 spell: Regeneration
   458 | D:1      | Reached skill level 3 in Unarmed Combat
   485 | D:2      | Noticed Natasha
   493 | D:2      | Killed Natasha
   493 | D:2      | Reached XP level 4. HP: 25/27 MP: 2/7
   613 | D:3      | Reached skill level 4 in Unarmed Combat
   629 | D:3      | Reached XP level 5. HP: 31/31 MP: 1/8
   810 | D:3      | Noticed juanjsm's ghost (amateur SpEn)
   981 | D:2      | Killed Ijyb
   981 | D:2      | Reached skill level 5 in Unarmed Combat
  1179 | D:2      | Found a faded altar to an unknown god.
  1347 | D:5      | Entered Level 5 of the Dungeon
  1379 | D:5      | Reached XP level 6. HP: 27/36 MP: 1/9
  1454 | D:5      | Reached skill level 6 in Unarmed Combat
  1530 | D:6      | Noticed a sky beast
  1546 | D:6      | Noticed a sky beast
  1725 | D:6      | Noticed a necrophage
  1734 | D:6      | Killed a necrophage
  1734 | D:6      | Reached skill level 7 in Unarmed Combat
  1734 | D:6      | Reached XP level 7. HP: 24/41 MP: 6/10
  1791 | D:6      | Found an opulent altar of Gozag.
  1791 | D:6      | Found a blossoming altar of Fedhas.
  1791 | D:6      | Found a glowing silver altar of Zin.
  1791 | D:6      | Found a white marble altar of Elyvilon.
  1799 | D:6      | Found a shattered altar of Ashenzari.
  1801 | D:6      | Found a radiant altar of Vehumet.
  1934 | D:7      | Noticed a hungry ghost
  1966 | D:6      | Reached skill level 8 in Unarmed Combat
  2070 | D:6      | HP: 1/41 [sky beast (5)]
  2114 | D:6      | HP: 1/41 [sky beast (5)]
  2115 | D:6      | Slain by a sky beast

Vault maps used:
D:1:      minmay_arrival_split_and_join
D:2:      ecumenical_altar_2, grunt_decor_arrowhead, uniq_iyjb, uniq_natasha
D:3:      portal_sewer_entry_d
D:4:      nicolae_ru_the_path_less_chosen, first_bread, wad_orctagon
D:5:      grunt_pakellas_basics
D:6:      minmay_overflow_temple_hex, lexackson_kobold_supper
D:7:      minmay_temple_entry_junction, serial_undead, serial_undead_c,
          serial_undead_a, serial_undead_c, serial_undead_c, serial_undead_b,
          serial_undead_a, serial_undead_d, serial_bayou_lagoon_a,
          sword_in_stone

Skill      XL: |  1  2  3  4  5  6  7 |
---------------+----------------------+-----
Unarmed Combat | 1 2 3 4 5 7 8 |  8.5
Dodging        | |  2.0
Stealth        | |  2.6
Spellcasting   | |  2.0
Necromancy     | |  4.0

Action                   |  1- 3 |  4- 6 |  7- 9 || total
-------------------------+-------+-------+-------++-------
Melee: Unarmed           |    21 |   149 |    57 ||   227
       Constrict         |     4 |    16 |     7 ||    27
       Tentacles         |     3 |    14 |    11 ||    28
       Punch             |       |     3 |     4 ||     7
 Cast: Pain              |    18 |    31 |     3 ||    52
       Regeneration      |     3 |    22 |    11 ||    36
       Animate Skeleton  |       |     7 |     1 ||     8
  Use: Potion            |     4 |     5 |     2 ||    11
       Scroll            |       |     7 |       ||     7
 Stab: Sleeping          |     3 |     2 |       ||     5
  Eat: Chunk             |       |     2 |     2 ||     4
       Meat ration       |       |     1 |       ||     1
Armor: Skin              |     2 |    13 |     6 ||    21
Dodge: Dodged            |    18 |    74 |    19 ||   111
